 Dungeon Crawl Stone Soup version 0.29.1-15-g9cfb28693d (webtiles) character file.

Game seed: 12771847960619007828

15 protoss039 the Digger (level 2, 4/21 HPs)
             Began as a Demonspawn Earth Elementalist on Mar 12, 2023.
             Got out of the dungeon alive.
             The game lasted 00:00:24 (190 turns).

protoss039 the Digger (DsEE)                         Turns: 190, Time: 00:00:24

Health: 4/21       AC:  2    Str:  8    XL:     2   Next: 34%
Magic:  2/5        EV: 12    Int: 16    God:
Gold:   13         SH:  0    Dex: 13    Spells: 4/5 levels left

rFire   . . .      SeeInvis .   c - +0 spear
rCold   . . .      Faith    .   (no shield)
rNeg    . . .      Spirit   .   a - +0 robe
rPois   .          Reflect  .   (no helmet)
rElec   .          Harm     .   (no cloak)
rCorr   .          Rampage  .   (no gloves)
Will    .....                   (no boots)
Stlth   ++........              (no amulet)
HPRegen 0.07/turn               (no ring)
MPRegen 0.09/turn               (no ring)

@: no status effects
A: demonic guardian 1
a: no special abilities


You escaped.
You visited 1 branch of the dungeon, and saw 1 of its levels.

You collected 13 gold pieces.

Inventory:

Hand Weapons
 c - a +0 spear (weapon)
Armour
 a - a +0 robe (worn)
Potions
 b - a potion of magic
 d - a potion of haste {unknown}


   Skills:
 + Level 1.0 Fighting
 - Level 1.7 Dodging
 - Level 1.7 Stealth
 + Level 2.3 Spellcasting
 - Level 0.8 Transmutations
 + Level 3.0 Earth Magic


You had 4 spell levels left.
You knew the following spells:

 Your Spells              Type           Power      Damage    Failure   Level
a - Sandblast             Erth           22%        2d7       6%          1

Your spell library contained the following spells:

 Spells                   Type           Power      Damage    Failure   Level
 Passwall                 Tmut/Erth      6%         N/A       14%         2
 Stone Arrow              Conj/Erth      12%        3d7       32%         3
 Petrify                  Tmut/Erth      8%         N/A       65%         4


Dungeon Overview and Level Annotations

Branches:
Dungeon (1/15) Zot: 5804

Altars:


Innate Abilities, Weirdness & Mutations

A weak demonic guardian rushes to your aid.


Message History

Your ufetubus barely misses the ball python.
Your ufetubus hits the ball python. The jackal bites you.
* * * LOW HITPOINT WARNING * * *
The ball python closely misses you. The ball python constricts you.
* * * LOW HITPOINT WARNING * * *
You closely miss the ball python.
You punch the ball python, but do no damage.
The ball python is heavily wounded.
Your ufetubus barely misses the ball python.
Your ufetubus hits the ball python.
The ball python dies!
The jackal barely misses you.
You barely miss the jackal. The jackal barely misses you.
Your ufetubus closely misses the jackal.
Your ufetubus hits the jackal.
The jackal bites you but does no damage.
Unknown command.
You closely miss the jackal.
The jackal is severely wounded.
Your ufetubus hits the jackal. Your ufetubus misses the jackal.
The jackal closely misses you.
Your ufetubus barely misses the jackal. x2
Unknown command.
You hit the jackal but do no damage.
The jackal is almost dead.
The jackal bites you.
* * * LOW HITPOINT WARNING * * *
Your ufetubus barely misses the jackal. x2
The jackal bites you but does no damage.
Your ufetubus hits the jackal.
The jackal dies!
Your Earth Magic skill increases to level 3!
You see here a jackal corpse.
Unknown command.
You now have 13 gold pieces (gained 2).
You see here a jackal corpse.
Items here: ( ) ††.
Your ufetubus disappears in a puff of smoke!
There is a staircase leading out of the dungeon here.
Are you sure you want to leave the Dungeon?
This will make you lose the game!
You have escaped!

.#### .. ....####.
............. ........
##...P...P.P.####.......
#.♣..♣........#.........
.PP.♣.....♣.............
#..PP..P.P..♣P♣♣.........
#.♣..P.....P.P.........#
#............P.........#
#P..P...@...P.......)†.#
#.P....................#
#....P.....P.P♣........#.
#......P.P..P..........#.
#..........♣.....##......
##♣............####....>.
#.....♣P....## #..>...
##P......P.## #......
#..######### #......


There were no monsters in sight!

Vanquished Creatures
  2 bats (D:1)
  A hobgoblin (D:1)
  2 jackals (D:1)
  3 kobolds (D:1)
  A ball python (D:1)
  A frilled lizard (D:1)
10 creatures vanquished.

Vanquished Creatures (collateral kills)
  A ball python (D:1)
  A jackal (D:1)
2 creatures vanquished.

Grand Total: 12 creatures vanquished

Notes
Turn   | Place    | Note
-------+----------+-------------------------------------------
     0 | D:1      | protoss039 the Demonspawn Earth Elementalist began the
                  | quest for the Orb.
     0 | D:1      | Reached XP level 1. HP: 13/13 MP: 3/3
   155 | D:1      | Gained mutation: A weak demonic guardian rushes to your
                  | aid. [demonic ancestry]
   155 | D:1      | Reached XP level 2. HP: 20/20 MP: 1/5
   161 | D:1      | Reached skill level 1 in Fighting
   171 | D:1      | Reached skill level 3 in Earth Magic
   190 | D:$      | Got out of the dungeon alive.

Illustrated notes

Levels and vault maps discovered:
D:1:      wander_arrival_fairy_ring, layout_basic,
          dreamdust_ecumenical_altar_hidden_monk_grotto

Skill      XL: |  1  2 |
---------------+-------+-----
Fighting       | 1 |  1.0
Earth Magic    | 3 |  3.0
Dodging        | |  1.7
Stealth        | |  1.7
Spellcasting   | |  2.3
Transmutations | |  0.8

Action                   || total
-------------------------++-------
Melee: Spear             ||    14
       Punch             ||     1
 Cast: Sandblast         ||    10
Armor: Robe              ||    11
Dodge: Dodged            ||    22
